 Dungeon Crawl Stone Soup version 0.20.0-15-g7f486f2 (webtiles) character file.

1947 peteyfrogboy the Covert (level 8, -2/33 HPs)
             Began as a Spriggan Arcane Marksman on June 13, 2017.
             Was an Initiate of Hepliaklqana.
             Slain by an ice beast (8 damage)
             ... on level 6 of the Dungeon.
             The game lasted 00:27:34 (5762 turns).

peteyfrogboy the Covert (Spriggan Arcane Marksman)  Turns: 5762, Time: 00:27:35

Health: -2/33      AC:  5    Str:  6    XL:     8   Next: 98%
Magic:  14/14      EV: 19    Int: 15    God:    Hepliaklqana [......]
Gold:   293        SH:  5    Dex: 18    Spells: 4/13 levels left

rFire    . . .     SeeInvis +   x - +2 dagger (flame)
rCold    . . .     Gourm    .   n - +0 buckler
rNeg     . . .     Faith    .   p - +0 steam dragon scales
rPois    +         Spirit   .   (helmet restricted)
rElec    .         Reflect  .   (no cloak)
rCorr    .         Harm     .   (gloves unavailable)
MR       ++...                  (boots unavailable)
Stlth    ++++......             e - amulet of regeneration
Regen    0.6/turn               m - ring of poison resistance
MPRegen  0.2/turn               h - ring of protection from magic

@: drained, very quick
A: unfitting armour, reduced essence, see invisible, herbivore 3, speed 3, slow
metabolism 2
a: Recall Ancestor, Ancestor Identity, Renounce Religion


You were on level 6 of the Dungeon.
You worshipped Hepliaklqana.
Hepliaklqana was noncommittal.
You were very full.

You visited 2 branches of the dungeon, and saw 7 of its levels.

You collected 293 gold pieces.

Inventory:

Hand Weapons
 a - a +0 hunting sling
 b - a +2 dagger of venom
 q - a +3 dagger of freezing
 x - a +2 dagger of flaming (weapon)
Missiles
 d - 23 sling bullets
 i - 149 stones (quivered)
 r - 7 tomahawks of dispersal
Armour
 n - a +0 buckler (worn)
 p - +0 steam dragon scales (worn)
Jewellery
 e - an amulet of regeneration (around neck)
 h - a ring of protection from magic (right hand)
 j - an uncursed ring of fire
 m - a ring of poison resistance (left hand)
 u - an uncursed ring of ice
 y - an uncursed ring of protection from magic
Wands
 D - a wand of enslavement (13/24)
Scrolls
 l - 4 scrolls of identify
 o - a scroll of enchant weapon
 s - 8 scrolls of remove curse
 t - a scroll of amnesia
 v - 2 scrolls of teleportation
 A - 2 scrolls of immolation
 E - 2 scrolls of recharging
Potions
 k - a potion of magic
 w - a potion of curing
 B - a potion of heal wounds
 C - a potion of ambrosia {unknown}
 F - a potion of mutation {unknown}
Books
 c - a book of Debilitation

   Spells                             Type                      Level
   a - Corona                         Hexes                        1
   b - Slow                           Hexes                        2
   c - Inner Flame                    Hexes/Fire                   3
   d - Portal Projectile              Hexes/Translocation          3
   e - Cause Fear                     Hexes                        4
   f - Leda's Liquefaction            Hexes/Earth                  4
 g - a book of Changes

   Spells                             Type                      Level
   a - Beastly Appendage              Transmutation                1
   b - Sticks to Snakes               Transmutation                2
   c - Spider Form                    Transmutation/Poison         3
   d - Ice Form                       Ice/Transmutation            4
   e - Blade Hands                    Transmutation                5
Comestibles
 f - 7 bread rations
 z - 2 royal jellies


   Skills:
 - Level 0.7(0.0) Fighting
 - Level 10.0(9.2) Slings
 - Level 4.8(4.0) Dodging
 + Level 10.5(9.6) Stealth
 - Level 3.4(2.7) Spellcasting
 - Level 4.8(4.1) Hexes


You had 4 spell levels left.
You knew the following spells:

 Your Spells              Type           Power        Failure   Level  Hunger
a - Corona                Hex            ##.....      6%          1    #......
b - Slow                  Hex            ##......     10%         2    ##.....
c - Inner Flame           Hex/Fire       #.......     41%         3    ###....
d - Portal Projectile     Hex/Tloc       #.....       41%         3    ###....


Dungeon Overview and Level Annotations

Branches:
Dungeon (6/15)             Temple (1/1) D:5

Altars:
Ashenzari
Cheibriados
Dithmenos
Elyvilon
Gozag
Hepliaklqana
Kikubaaqudgha
Makhleb
Nemelex Xobeh
Okawaru
Qazlal
Ru
Sif Muna
Trog
Uskayaw
Vehumet
Xom
Yredelemnul
Zin
The Shining One


Innate Abilities, Weirdness & Mutations

You are very small and have problems with some larger weapons.
You are too small for most types of armour.
You have supernaturally acute eyesight. (SInv)
You are a herbivore.
You cover ground extremely quickly.
You need consume almost no food.
Your life essence is reduced. (-10% HP)


Message History

The ice beast is lightly wounded.
The ice beast misses you.
You barely miss the ice beast.
The ice beast is lightly wounded.
Njabulo hits the ice beast but does no damage.
The ice beast hits you. The ice beast freezes you!
You hit the ice beast but do no damage.
The ice beast is lightly wounded.
Njabulo completely misses the ice beast.
The ice beast hits you. The ice beast freezes you!
* * * LOW HITPOINT WARNING * * *
You hit the ice beast but do no damage.
The ice beast is lightly wounded.
Njabulo barely misses the ice beast.
The ice beast misses you.
You hit the ice beast but do no damage.
The ice beast is lightly wounded.
Njabulo barely misses the ice beast.
The ice beast hits you.
* * * LOW HITPOINT WARNING * * *
The ice beast freezes you!
You die...

#........).###########)#
#..........#### #.#
#######.......# #..
#...###...# #...
#######''## #... ..##
.........# .# .# #........#
. ≈§ ##.......# ##
###§≈≈##..(R@.# #.##≈
≈##...Y.#
#..##≈≈≈##....#############
#...##≈§≈##...#...........#
#....##≈≈≈##..########...##
#.....##§§≈##.# #.###
#......##≈≈≈### ##.#
#.......##≈≈§########..#
#..†.....##≈§§##......##


You could see the friendly Njabulo the ancestor and an ice beast.

Vanquished Creatures
  Sigmund (D:2)
  The ghost of slitherrr the Skirmisher, an amateur FoCK of Xom (D:3)
  A water moccasin (D:6)
  Duvessa (D:4)
  2 phantoms
  An ogre (D:4)
  An orc warrior (D:6)
  4 bullfrogs
  Dowan (D:4)
  A scorpion (D:6)
  3 wights (D:6)
  A howler monkey (D:4)
  2 bullfrog zombies (D:5)
  A jelly (D:6)
  2 orc priests (D:5)
  An iguana (D:6)
  Terence (D:2)
  5 orc wizards
  Robin (D:1)
  7 adders
  An ooze (D:4)
  4 worms
  2 dart slugs (D:1)
  3 leopard geckos
  15 orcs
  2 ball pythons
  4 giant cockroaches
  8 hobgoblins
  8 jackals
  10 bats
  3 frilled lizards
  18 goblins
  5 kobolds
  3 leopard gecko skeletons
  7 rats
131 creatures vanquished.

Vanquished Creatures (collateral kills)
  A wight (D:6)
1 creature vanquished.

Vanquished Creatures (others)
  2 ancestors (D:6)
2 creatures vanquished.

Grand Total: 134 creatures vanquished

Notes
Turn   | Place    | Note
-------+----------+-------------------------------------------
     0 | D:1      | peteyfrogboy the Spriggan Arcane Marksman began the quest for the Orb.
     0 | D:1      | Reached XP level 1. HP: 9/9 MP: 3/3
   452 | D:1      | Reached XP level 2. HP: 14/14 MP: 5/5
   905 | D:2      | Reached skill level 1 in Stealth
  1055 | D:2      | Noticed Sigmund
  1113 | D:2      | Reached XP level 3. HP: 7/17 MP: 7/7
  1287 | D:2      | Killed Sigmund
  1287 | D:2      | Reached XP level 4. HP: 11/21 MP: 7/9
  1287 | D:2      | Reached XP level 5. HP: 14/25 MP: 7/10
  1436 | D:2      | Learned a level 2 spell: Slow
  1440 | D:2      | Learned a level 3 spell: Inner Flame
  1444 | D:2      | Learned a level 3 spell: Portal Projectile
  1466 | D:2      | Noticed Robin
  1541 | D:2      | Noticed Terence
  1615 | D:2      | Killed Terence
  1843 | D:1      | Killed Robin
  2097 | D:2      | Reached XP level 6. HP: 29/29 MP: 12/12
  2500 | D:3      | Noticed slitherrr's ghost (amateur FoCK)
  2877 | D:3      | Killed slitherrr's ghost
  2877 | D:3      | Reached skill level 5 in Slings
  3679 | D:4      | Reached XP level 7. HP: 32/32 MP: 13/13
  3797 | D:4      | Noticed Duvessa
  3799 | D:4      | Noticed Dowan
  3871 | D:4      | Killed Duvessa
  3878 | D:4      | Killed Dowan
  4281 | D:5      | Entered Level 5 of the Dungeon
  4446 | D:5      | Found a staircase to the Ecumenical Temple.
  4483 | Temple   | Entered the Ecumenical Temple
  4550 | Temple   | Became a worshipper of Hepliaklqana the Forgotten
  4582 | D:5      | Reached XP level 8. HP: 30/33 MP: 14/14
  4899 | D:5      | Reached skill level 10 in Slings
  4907 | D:5      | Found a shadowy altar of Dithmenos.
  5171 | D:6      | Reached skill level 5 in Stealth
  5611 | D:6      | Reached skill level 10 in Stealth
  5762 | D:6      | Slain by an ice beast

Skill      XL: |  1  2  3  4  5  6  7  8 |
---------------+-------------------------+-----
Slings         | 3 4 6 9 10 | 10.0
Stealth        | 1 3 10 | 10.5
Spellcasting   | 2 3 |  3.4
Dodging        | 4 |  4.8
Hexes          | 4 |  4.8
Fighting       | |  0.7

Action                   |  1- 3 |  4- 6 |  7- 9 || total
-------------------------+-------+-------+-------++-------
Melee: Dagger            |    38 |   139 |   263 ||   440
 Fire: Hunting sling     |    66 |   240 |    86 ||   392
 Cast: Corona            |     1 |    10 |     1 ||    12
       Portal Projectile |       |     1 |     1 ||     2
Invok: Ancestor Identity |       |       |     1 ||     1
       Recall Ancestor   |       |       |     3 ||     3
  Use: Scroll            |       |     7 |     3 ||    10
       Potion            |       |     2 |     5 ||     7
 Stab: Sleeping          |     2 |     3 |     9 ||    14
       Distracted        |       |       |     1 ||     1
  Eat: Fruit             |       |       |     4 ||     4
       Bread ration      |       |       |     1 ||     1
Armor: Robe              |     8 |       |       ||     8
       Steam dragon scal |       |    27 |    20 ||    47
Dodge: Dodged            |    32 |   169 |   167 ||   368
Block: Buckler           |     5 |    49 |    58 ||   112
